 Dungeon Crawl Stone Soup version 0.19.5 (webtiles) character file.

520 Keye the Thaumaturge (level 7, -5/36 HPs)
             Began as a Deep Elf Fire Elementalist on May 9, 2017.
             Killed from afar by a kobold (37 damage)
             ... with an exploding inner flame
             ... hexed by the player character
             ... in a sewer.
             The game lasted 00:16:21 (4647 turns).

Keye the Thaumaturge (Deep Elf Fire Elementalist)   Turns: 4647, Time: 00:16:29

Health: -5/36      AC:  4    Str:  5    XL:     7   Next: 1%
Magic:  17/21      EV: 13    Int: 22    God:
Gold:   119        SH:  0    Dex: 15    Spells: 5 memorised, 10 levels left

rFire  . . .     SeeInvis .     D - +2 whip (elec)
rCold  . . .     Gourm    +     a - +0 robe
rNeg   . . .     Faith    .     (no shield)
rPois  .         Spirit   .     (no helmet)
rElec  .         Reflect  .     (no cloak)
rCorr  .         Harm     .     y - +0 pair of gloves
MR     .....                    l - +0 pair of boots
Stlth  ++........               j - amulet of the gourmand
                                (no ring)
                                (no ring)

@: no status effects
A: no striking features
a: no special abilities


You were in a sewer.
You were completely stuffed.

You visited 1 branch of the dungeon, and saw 5 of its levels.
You also visited: Sewer.

You collected 119 gold pieces.

Inventory:

Hand Weapons
 d - a +0 club
 C - a +2 dagger of protection
 D - a +2 whip of electrocution (weapon)
Armour
 a - a +0 robe (worn)
 l - a +0 pair of boots (worn)
 y - a +0 pair of gloves (worn)
Jewellery
 j - an amulet of the gourmand (around neck)
Wands
 s - a wand of digging (9/24)
Scrolls
 o - 2 scrolls of remove curse
 p - a scroll of magic mapping {unknown}
 q - a scroll of fog
 r - 2 scrolls of amnesia {unknown}
 t - a scroll of identify
 u - a scroll of enchant armour {unknown}
Potions
 e - 4 potions of agility
 f - 2 potions of brilliance
 g - a potion of magic {unknown}
 h - a potion of mutation {unknown}
 i - 5 potions of curing
 m - 2 potions of might
 x - 2 potions of berserk rage {unknown}
 A - 3 potions of flight {unknown}
 B - 2 potions of heal wounds {unknown}
Books
 b - a book of Flames

   Spells                             Type                      Level
   a - Flame Tongue                   Conjuration/Fire             1
   b - Throw Flame                    Conjuration/Fire             2
   c - Conjure Flame                  Conjuration/Fire             3
   d - Inner Flame                    Hexes/Fire                   3
   e - Sticky Flame                   Conjuration/Fire             4
   f - Fireball                       Conjuration/Fire             5
 k - a book of Misfortune

   Spells                             Type                      Level
   a - Confusing Touch                Hexes                        1
   b - Confuse                        Hexes                        3
   c - Gell's Gravitas                Hexes/Translocation          3
   d - Petrify                        Transmutation/Earth          4
   e - Metabolic Englaciation         Hexes/Ice                    5
   f - Yara's Violent Unravelling     Hexes/Transmutation          5
Comestibles
 c - 4 bread rations
 n - 2 meat rations
 v - 3 fruits
 w - a beef jerky


   Skills:
 - Level 2.4 Dodging
 - Level 2.4 Stealth
 + Level 8.6 Spellcasting
 - Level 3.1 Conjurations
 - Level 4.5 Fire Magic


You had 10 spell levels left.
You knew the following spells:

 Your Spells              Type           Power        Failure   Level  Hunger
a - Flame Tongue          Conj/Fire      ####.        1%          1    None
b - Throw Flame           Conj/Fire      ####..       1%          2    None
c - Conjure Flame         Conj/Fire      ####....     4%          3    None
d - Sticky Flame          Conj/Fire      ####....     14%         4    ###....
e - Inner Flame           Hex/Fire       ###.....     12%         3    None


Dungeon Overview and Level Annotations

Branches:
Dungeon (5/15)
 Temple: D:4-7

Altars:
Okawaru
Ru
Trog
Zin

Shops:
D:4 =*

Annotations:
D:3 nocturnal's ghost, amateur HaWr


Message History

You see here a stone.
The kobold throws a stone.
The stone completely misses you.
Casting: Inner Flame
Confirm with . or Enter, or press ? or * to list all spells.
Aiming: Flame Tongue
Press: ? - help, Shift-Dir - straight line, f - kobold
Aim: a kobold, wielding a whip (inner flame)
The flame tongue misses the kobold. x2
Casting: Flame Tongue
Confirm with . or Enter, or press ? or * to list all spells.
Aiming: Flame Tongue
Press: ? - help, Shift-Dir - straight line, f/p - kobold
Aim: a kobold, wielding a whip (inner flame)
The flame tongue hits the kobold.
The kobold explodes!
The fiery explosion engulfs the kobold.
You kill the kobold!
The fiery explosion engulfs you!
Ouch! That really hurt!
You die...

#### ####..### ##........
########## ##.........
#.##.....####.......... ####
###..K......(............
####..!.#....K§P§.....P....P.....
.∩.#[...'((..K§§@........≈.≈.....
.∩.#.∩!.'..≈P≈§.§.......≈≈≈P≈...≈
...#.!..#.≈≈≈P≈(.......P≈≈P≈≈P..P
##'########≈≈############≈#≈#####
≈≈≈≈≈≈≈≈≈≈≈≈≈≈≈≈≈≈≈≈≈≈≈≈≈≈≈≈≈≈≈≈≈
≈≈≈≈≈≈≈≈≈≈≈≈≈≈≈≈≈≈≈≈≈≈≈≈≈≈≈≈≈≈≈≈≈
≈≈≈≈≈≈≈≈≈≈≈≈≈≈≈≈≈≈≈≈≈≈≈≈≈≈≈≈≈≈≈≈≈
################≈≈≈##########≈≈≈≈
#....#..P.≈≈≈≈≈≈≈≈P...≈≈≈≈≈≈≈≈


You could see 3 kobolds.

Vanquished Creatures
  The ghost of zx48k the Sneak, an amateur OpWz (D:4)
  2 ogres (D:4)
  A big kobold (Sewer)
  2 orc wizards (D:4)
  A worker ant zombie (D:5)
  An adder (Sewer)
  2 oozes
  5 worms
  2 leopard geckos
  6 orcs (D:4)
  9 bats
  5 giant cockroaches
  3 goblins
  6 hobgoblins
  16 kobolds
  A quokka (D:4)
  2 ball pythons
  7 frilled lizards
  8 rats
80 creatures vanquished.

Notes
Turn   | Place    | Note
-------+----------+-------------------------------------------
     0 | D:1      | Keye the Deep Elf Fire Elementalist began the quest for the Orb.
     0 | D:1      | Reached XP level 1. HP: 10/10 MP: 6/6
   270 | D:1      | Reached XP level 2. HP: 15/15 MP: 6/8
   274 | D:1      | Learned a level 2 spell: Throw Flame
  1182 | D:2      | Reached XP level 3. HP: 18/19 MP: 6/9
  1460 | D:3      | Learned a level 3 spell: Conjure Flame
  1675 | D:3      | Noticed nocturnal's ghost (amateur HaWr)
  2038 | D:4      | Reached XP level 4. HP: 24/24 MP: 4/10
  2425 | D:4      | Noticed an ogre
  2431 | D:4      | Killed an ogre
  2431 | D:4      | Reached skill level 5 in Spellcasting
  2431 | D:4      | Reached XP level 5. HP: 28/28 MP: 0/14
  2543 | D:4      | Found a sacrificial altar of Ru.
  2671 | D:4      | Noticed zx48k's ghost (amateur OpWz)
  2678 | D:4      | Killed zx48k's ghost
  2678 | D:4      | Reached skill level 6 in Spellcasting
  2678 | D:4      | Reached XP level 6. HP: 19/32 MP: 8/17
  2880 | D:4      | Reached skill level 7 in Spellcasting
  2959 | D:4      | Found a glowing silver altar of Zin.
  2984 | D:4      | Found Zin's Purification Station.
  3295 | D:4      | Found an iron altar of Okawaru.
  3296 | D:4      | Found a bloodstained altar of Trog.
  3754 | D:4      | Found Vuryut's Jewellery Emporium.
  3960 | D:5      | Entered Level 5 of the Dungeon
  4316 | D:5      | Found a glowing drain.
  4320 | Sewer    | Entered a sewer
  4360 | Sewer    | Reached skill level 8 in Spellcasting
  4577 | Sewer    | Learned a level 4 spell: Sticky Flame
  4581 | Sewer    | Learned a level 3 spell: Inner Flame
  4601 | Sewer    | Reached XP level 7. HP: 36/36 MP: 19/21
  4647 | Sewer    | Killed from afar by a kobold

Skill      XL: |  1  2  3  4  5  6 |
---------------+-------------------+-----
Fire Magic     | 4 |  4.5
Conjurations   | 2 3 |  3.1
Spellcasting   | 5 6 8 |  8.6
Dodging        | |  2.4
Stealth        | |  2.4

Action                   |  1- 3 |  4- 6 |  7- 9 || total
-------------------------+-------+-------+-------++-------
Melee: Unarmed           |     3 |       |       ||     3
       Club              |     7 |       |       ||     7
       Whip              |       |     1 |       ||     1
 Cast: Flame Tongue      |    66 |    76 |     1 ||   143
       Throw Flame       |     3 |    20 |       ||    23
       Inner Flame       |       |       |     1 ||     1
  Use: Scroll            |     7 |       |       ||     7
  Eat: Chunk             |    18 |     8 |     1 ||    27
Armor: Robe              |     5 |     5 |     1 ||    11
Dodge: Dodged            |    33 |    13 |     7 ||    53
